AoeStats
← Lakafant

Black Forest

504828801Analyzed
4v4 RM · 26d ago on Sep 6, 2026· 52m 13s· 8 players
Game mode
Random Map
Map size
Large (8 player)
Population
200
Speed
Normal
Resources
Standard
Victory
Conquest
Starting age
Dark Age
Ending age
Imperial Age
RankedLock teamsTeams togetherTeam positionsShared explorationLock speedFull tech treeHidden civsTurbo modeCheats
Victory
Defeat
🇺🇸 Bohemians · United States
1267
+11
🇹🇷 Lithuanians · Türkiye
1237
+12
🇦🇹 Bohemians · Austria
1110
+17
🇳🇴 Britons · Norway
1097
+18
🇱🇹 Teutons · Lithuania
1158
-15
🇦🇹 Hindustanis · Austria
1150
-15
🇳🇱 Japanese · Netherlands
1137
-14
🇸🇮 Ethiopians · Slovenia
1137
-14
Praetor
11:26 Feudal Age
16:36 Castle Age
14:57 Horse Collar
15:05 Double-Bit Axe
17:40 Heavy Plow
17:33 Loom
22:49 Wheelbarrow
23:16 Fletching
23:45 Scale Barding Armor
23:41 Padded Archer Armor
23:52 Forging
25:31 Gold Mining
26:10 Bloodlines
26:40 Bow Saw
26:33 Bodkin Arrow
26:58 Chain Barding Armor
26:56 Town Watch
27:27 Hand Cart
28:28 Husbandry
29:58 Iron Casting
34:16 Imperial Age
32:03 Town Patrol
33:32 Grand Trunk Road
35:13 Shatagni
36:43 Blast Furnace
35:44 Scale Mail Armor
37:05 Conscription
38:09 Chemistry
37:15 Bracer
37:47 Squires
37:32 Arson
38:12 Leather Archer Armor
37:22 Heavy Camel Rider
38:20 Pikeman
39:58 Caravan
40:57 Ring Archer Armor
40:37 Thumb Ring
41:31 Siege Engineers
44:04 Imperial Camel Rider
44:09 Light Cavalry
stasaitis
3:31 Loom
13:17 Feudal Age
17:39 Castle Age
16:00 Double-Bit Axe
17:06 Horse Collar
19:42 Wheelbarrow
20:54 Bow Saw
21:23 Heavy Plow
22:00 Fletching
24:19 Bodkin Arrow
26:10 Scale Barding Armor
25:29 Pikeman
26:27 Stone Mining
26:28 Gold Mining
26:59 Scale Mail Armor
27:43 Squires
28:46 Stone Shaft Mining
29:40 Forging
30:23 Hand Cart
31:02 Fortified Wall
31:05 Masonry
32:10 Town Watch
32:58 Bloodlines
33:10 Chain Barding Armor
33:05 Chain Mail Armor
33:26 Iron Casting
34:08 Arson
38:36 Imperial Age
36:13 Gambesons
37:38 Ballistics
38:01 Town Patrol
38:27 Ironclad
39:57 Plate Barding Armor
40:23 Blast Furnace
39:53 Plate Mail Armor
38:52 Halberdier
39:58 Crenellations
40:25 Conscription
40:41 Hoardings
39:41 Cavalier
41:51 Chemistry
41:32 Siege Engineers
42:43 Paladin
43:22 Heavy Scorpion
48:34 Two-Man Saw
Donkerzs
11:31 Feudal Age
11:57 Double-Bit Axe
11:54 Horse Collar
19:00 Castle Age
17:36 Gold Mining
18:03 Forging
18:04 Scale Mail Armor
20:23 Wheelbarrow
20:05 Bow Saw
20:23 Heavy Plow
24:10 Pikeman
24:52 Squires
24:37 Arson
24:39 Gambesons
26:04 Man-at-Arms
27:05 Hand Cart
26:57 Long Swordsman
31:35 Imperial Age
33:01 Gold Shaft Mining
32:01 Two-Handed Swordsman
32:03 Halberdier
33:08 Conscription
33:37 Stone Mining
33:36 Town Watch
33:37 Loom
33:20 Champion
36:14 Kataparuto
40:39 Elite Samurai
42:01 Iron Casting
41:41 Chain Mail Armor
m00n
0:45 Loom
11:30 Feudal Age
16:02 Castle Age
15:23 Double-Bit Axe
15:21 Horse Collar
16:17 Wheelbarrow
17:05 Bow Saw
17:05 Heavy Plow
31:18 Imperial Age
29:03 Fletching
29:14 Padded Archer Armor
29:14 Scale Mail Armor
30:19 Crossbowman
31:05 Thumb Ring
30:59 Bodkin Arrow
31:20 Leather Archer Armor
31:20 Chain Mail Armor
32:08 Ballistics
31:59 Masonry
32:00 Fortified Wall
32:33 Squires
33:54 Two-Man Saw
32:28 Arbalester
33:22 Siege Engineers
35:03 Guilds
34:55 Gold Mining
34:56 Stone Mining
35:55 Hand Cart
35:26 Town Watch
36:47 Chemistry
36:51 Ring Archer Armor
36:24 Bracer
36:50 Halberdier
39:37 Ring Archer Armor
39:37 Plate Mail Armor
39:18 Forging
39:45 Architecture
40:29 Gold Shaft Mining
40:30 Stone Shaft Mining
39:26 Onager
39:38 Elite Skirmisher
40:56 Arson
42:19 Siege Onager
44:10 Torsion Engines
44:30 Conscription
45:30 Iron Casting
45:24 Caravan
47:40 Capped Ram
Lakafant
0:43 Loom
12:57 Feudal Age
15:05 Double-Bit Axe
15:03 Horse Collar
16:20 Wheelbarrow
21:35 Castle Age
20:07 Gold Mining
20:09 Stone Mining
21:55 Fletching
21:54 Town Watch
22:16 Scale Mail Armor
22:27 Forging
22:54 Bow Saw
23:53 Heavy Plow
23:26 Pikeman
24:07 Squires
23:52 Arson
28:31 Bodkin Arrow
30:14 Hand Cart
30:39 Murder Holes
30:54 Fortified Wall
31:05 Ballistics
32:20 Caravan
34:18 Gold Shaft Mining
36:41 Imperial Age
34:58 Masonry
34:50 Padded Archer Armor
35:06 Chain Mail Armor
34:40 Gambesons
34:15 Man-at-Arms
34:19 Elite Skirmisher
35:35 Long Swordsman
36:45 Halberdier
37:48 Conscription
37:44 Elite Longbowman
38:42 Bracer
38:12 Two-Handed Swordsman
40:16 Yeomen
39:32 Capped Ram
41:35 Husbandry
42:40 Chemistry
43:59 Warwolf
44:51 Iron Casting
44:52 Plate Mail Armor
45:37 Hoardings
45:28 Champion
46:44 Leather Archer Armor
47:30 Blast Furnace
46:42 Siege Engineers
46:41 Cavalier
50:29 Scale Barding Armor
MudFollows
11:01 Feudal Age
10:00 Loom
11:30 Horse Collar
11:36 Double-Bit Axe
19:04 Castle Age
20:15 Bow Saw
20:14 Heavy Plow
23:26 Wheelbarrow
25:46 Hand Cart
32:32 Imperial Age
30:18 Caravan
31:25 Town Watch
33:32 Chemistry
33:59 Houfnice
34:54 Siege Engineers
35:04 Pikeman
35:45 Squires
43:39 Padded Archer Armor
43:50 Wagenburg Tactics
45:20 Leather Archer Armor
47:32 Ring Archer Armor
48:36 Elite Hussite Wagon
50:11 Halberdier
52:18 Conscription
Spider2YBanana
11:00 Feudal Age
11:56 Double-Bit Axe
14:53 Castle Age
12:47 Horse Collar
16:04 Heavy Plow
16:15 Bow Saw
22:14 Wheelbarrow
25:02 Hand Cart
26:33 Town Watch
26:34 Loom
31:02 Imperial Age
32:00 Caravan
32:15 Scale Mail Armor
32:32 Siege Engineers
32:20 Pikeman
33:16 Chain Mail Armor
34:57 Chemistry
34:25 Wagenburg Tactics
35:07 Padded Archer Armor
34:31 Halberdier
36:13 Bombard Tower
36:13 Leather Archer Armor
37:06 Plate Mail Armor
36:20 Houfnice
37:22 Conscription
39:51 Two-Man Saw
45:53 Ring Archer Armor
Götçü Baba Türbesi
0:26 Loom
11:56 Feudal Age
12:22 Double-Bit Axe
15:39 Horse Collar
19:07 Castle Age
18:35 Scale Barding Armor
20:06 Bow Saw
21:42 Bloodlines
21:33 Husbandry
22:56 Chain Barding Armor
22:46 Forging
26:03 Wheelbarrow
26:00 Caravan
30:53 Heavy Plow
33:58 Imperial Age
33:15 Iron Casting
33:20 Pikeman
34:01 Squires
33:51 Light Cavalry
34:32 Fletching
35:18 Plate Barding Armor
35:11 Conscription
34:25 Halberdier
36:59 Elite Leitis
44:32 Two-Man Saw
43:31 Bodkin Arrow
43:38 Scale Mail Armor
46:02 Tower Shields
46:23 Winged Hussar
49:34 Chain Mail Armor
49:20 Bracer
51:55 Crop Rotation
Connection lost

Rejoining the realm…

Still unreachable

The connection could not be restored.

Session expired

The server has moved on; the page needs a fresh start.